 Dungeon Crawl Stone Soup version 0.31-a0-521-gc7390f8997 (webtiles) character file.

Game seed: 17143295287354701534

5132 innerfire43 the Martial Artist (level 10, -10/76 HPs)
             Began as a Gnoll Shapeshifter on Aug 10, 2023.
             Was a Believer of Vehumet.
             Shot with an arrow by a centaur warrior (24 damage)
             ... on level 8 of the Dungeon.
             The game lasted 00:13:45 (9185 turns).

innerfire43 the Martial Artist (Gnoll Shapeshifter) Turns: 9185, Time: 00:13:46

Health: -10/76     AC:  7    Str: 14    XL:     10   Next: 58%
Magic:  15/18      EV: 21    Int:  7    God:    Vehumet [**....]
Gold:   452        SH:  0    Dex: 18    Spells: 17/20 levels left

rFire   . .          .
                       - Unarmed
rCold   x . .        (shield currently unavailable)
rNeg    . . .        a - +0 animal skin
rPois   .            F - +2 helmet
rElec   +            n - +0 cloak
rCorr   .            (no gloves)
SInv    .            (no boots)
Will    .....        (no amulet)
Stlth   ++           p - ring of Tomorrow {Fly rElec rC- EV+5}
HPRegen 0.32/turn    x - ring of wizardry
MPRegen 0.16/turn

%: wizardry (x1)
@: flux-form, flying, glowing
A: glow, contaminating, fangs 1, strong nose, distributed training
a: Begin Untransformation, Renounce Religion


You were on level 8 of the Dungeon.
You worshipped Vehumet.
Vehumet was pleased with you.
You were something dangerously unstable.
You visited 2 branches of the dungeon, and saw 9 of its levels.

You collected 452 gold pieces.

Inventory:

Missiles
 g - 2 throwing nets
Armour
 a - a +0 animal skin (worn)
 n - a +0 cloak (worn)
 F - a +2 helmet (worn)
Jewellery
 p - the ring of Tomorrow (left hand) {Fly rElec rC- EV+5}
   (You found it on level 3 of the Dungeon)

   [ring of evasion]

   EV+5:      It affects your evasion (+5).
   rC-:       It makes you vulnerable to cold.
   rElec:     It insulates you from electricity.
   Fly:       It grants you flight.
 v - a ring of magical power
 x - a ring of wizardry (right hand)
 y - a ring of poison resistance
 z - a +6 ring of intelligence
 H - a ring of resist corrosion
Talismans
 c - a beast talisman
 d - a flux talisman (active)
 f - a talisman of death
Wands
 l - a wand of mindburst (19)
 s - a wand of charming (10)
 J - a wand of flame (2)
Scrolls
 b - 4 scrolls of identify
 e - 6 scrolls of teleportation
 i - 3 scrolls of noise {unknown}
 j - 3 scrolls of blinking
 k - a scroll of fear {unknown}
 o - a scroll of acquirement {unknown}
 r - a scroll of amnesia {unknown}
 t - a scroll of immolation {unknown}
 w - 4 scrolls of fog {unknown}
 A - 3 scrolls of poison {unknown}
 B - 2 scrolls of enchant armour {unknown}
 C - a scroll of vulnerability {unknown}
 D - a scroll of brand weapon {unknown}
Potions
 h - a potion of attraction
 m - 3 potions of haste
 u - a potion of enlightenment {unknown}
 E - 3 potions of brilliance {unknown}
 G - 2 potions of curing {unknown}
 I - a potion of lignification


   Skills:
 + Level 6.1 Fighting
 + Level 5.5 Short Blades
 + Level 5.5 Long Blades
 + Level 5.5 Axes
 + Level 5.5 Maces & Flails
 + Level 5.5 Polearms
 + Level 5.5 Staves
 + Level 5.5 Ranged Weapons
 + Level 5.5 Throwing
 + Level 5.5 Armour
 + Level 7.2 Dodging
 + Level 5.5 Stealth
 + Level 5.5 Shields
 + Level 8.6 Unarmed Combat
 + Level 5.5 Spellcasting
 + Level 4.5 Conjurations
 + Level 4.5 Hexes
 + Level 4.5 Summonings
 + Level 4.5 Necromancy
 + Level 4.5 Translocations
 + Level 4.5 Transmutations
 + Level 4.5 Fire Magic
 + Level 4.5 Ice Magic
 + Level 4.5 Air Magic
 + Level 4.5 Earth Magic
 + Level 4.5 Poison Magic
 + Level 6.0 Invocations
 + Level 5.5 Evocations
 + Level 8.1 Shapeshifting


You had 17 spell levels left.
You knew the following spells:

 Your Spells              Type           Power      Damage    Failure   Level
a - Sandblast             Erth           16%        2d6       1%          1
b - Static Discharge      Conj/Air       16%        2-3/arc   2%          2

Your spell library contained the following spells:

 Spells                   Type           Power      Damage    Failure   Level
 Frozen Ramparts          Ice            16%        1d3       4%          3
 Cigotuvi's Dreadful Rot  Necr/Pois/Air  16%        N/A       2%          2
 Ignite Poison            Fire/Tmut/Pois 8%         N/A       4%          3
 Dispel Undead            Necr           8%         3d8       16%         4
 Freezing Cloud           Conj/Ice/Air   4%         6-21      41%         5
 Death Channel            Necr           4%         N/A       91%         6


Dungeon Overview and Level Annotations

Branches:
Dungeon (8/15)             Temple (1/1) D:4
   Lair: D:8-11

Altars:
Ashenzari
Cheibriados
Dithmenos
Fedhas
Gozag
Hepliaklqana
Kikubaaqudgha
Makhleb
Nemelex Xobeh
Okawaru
Ru
Sif Muna
Trog
Uskayaw
Vehumet
Wu Jian
Xom
Yredelemnul
Zin
The Shining One
Lugonu

Portals:
Abyss: D:1


Innate Abilities, Weirdness & Mutations

You are something dangerously unstable.
You glow with magical radiation, making you easy to see and hit.
Foes you strike become dangerously contaminated with magical radiation.
You are incapable of wielding weapons or throwing items.
You have very sharp teeth.
Your uncanny sense of smell can sniff out nearby items.
Your experience applies equally to all skills.


Message History

The orc wizard is moderately wounded.
The orc wizard misses you.
You hit the orc wizard.
The orc wizard begins to glow.
You bite the orc wizard, but do no damage.
The orc wizard is heavily wounded.
The orc wizard gestures at you while chanting.
You easily resist.
You barely miss the orc wizard.
The orc wizard is heavily wounded.
The orc wizard hits you but does no damage.
You punch the orc wizard!
You kill the orc wizard!
Vehumet accepts your kill.
You feel your power returning.
Things that are here:
a +0 dagger; a +3 leather armour of poison resistance A centaur warrior comes into view.
A centaur warrior is nearby!
The blast of sand hits the centaur warrior but does no damage.
The centaur warrior shouts!
The centaur warrior wields a +0 orcbow.
The centaur warrior shoots an arrow.
The arrow completely misses you.
The centaur warrior shoots an arrow.
The arrow hits you!
The blast of sand hits the centaur warrior but does no damage.
The centaur warrior shoots an arrow.
The arrow barely misses you.
The centaur warrior shoots an arrow.
The arrow closely misses you.
The blast of sand hits the centaur warrior but does no damage.
The centaur warrior shoots an arrow.
The arrow barely misses you.
The blast of sand hits the centaur warrior but does no damage.
The centaur warrior shoots an arrow.
The arrow hits you!
The centaur warrior shoots an arrow.
The arrow closely misses you.
The centaur warrior shoots an arrow.
The arrow hits you!!
You are too injured to fight recklessly!
You are too injured to fight recklessly!
The centaur warrior shoots an arrow.
The arrow hits you!
* * * LOW HITPOINT WARNING * * *
Things that are here:
a +0 dagger; a +3 leather armour of poison resistance The centaur warrior shoots an arrow.
The arrow hits you!!
You die...

........#.#
♣♣♣♣♣
..........#
♣♣♣....
..........###
.......
............#
♣♣♣....
............#
♣♣♣♣♣
#.####.#.### #
#∆ #.#.# ♣
#.#.# ♣ #B#.# ♣
#.####)#.#
.#......#.#
..........#
..........#
.........c..' ∆
..........#.#.#
∆ ..........#.#
..........# .


You could see a centaur warrior.

Vanquished Creatures
  An ugly thing (D:8)
  A hornet (D:8)
  Prince Ribbit (D:5)
  Edmund (D:6)
  3 water moccasins
  3 ice beasts
  A sky beast (D:6)
  3 black bears
  2 ogres
  2 orc warriors (D:8)
  A centaur (D:7)
  A phantom (D:5)
  A kobold brigand (D:6)
  2 bullfrogs
  6 scorpions
  13 wights (D:7)
  11 killer bees (D:8)
  5 howler monkeys
  2 crimson imps (D:1)
  A quasit (D:1)
  2 jellies
  Crazy Yiuf (D:3)
  5 hounds
  An orc priest (D:8)
  An iguana (D:4)
  An iron imp (D:1)
  A sleepcap (D:5)
  4 orc wizards (D:8)
  Ijyb (D:3)
  3 gnolls (D:7)
  7 adders
  7 shadow imps
  5 white imps
  2 ufetubi
  A worm (D:3)
  16 orcs
  3 ball pythons
  4 endoplasms
  2 giant cockroaches (D:1)
  5 goblins
  9 hobgoblins
  4 jackals (D:5)
  11 kobolds
  7 quokkas
  4 bats (D:1)
  4 frilled lizards
  6 rats
178 creatures vanquished.

Notes
Turn   | Place    | Note
-------+----------+-------------------------------------------
     0 | D:1      | innerfire43 the Gnoll Shapeshifter began the quest for the
                  | Orb.
     0 | D:1      | Reached XP level 1. HP: 17/17 MP: 1/1
   384 | D:1      | Reached XP level 2. HP: 23/23 MP: 2/2
  1138 | D:1      | Found a large runed translucent door.
  1138 | D:1      | Found a large runed translucent door.
  1138 | D:1      | Found a corrupted altar of Lugonu.
  1138 | D:1      | Noticed a crimson imp
  1138 | D:1      | Noticed a crimson imp
  1140 | D:1      | Found a one-way gate to the infinite horrors of the Abyss.
  1142 | D:1      | Reached XP level 3. HP: 27/28 MP: 3/3
  1303 | D:1      | Reached skill level 1 in Short Blades
  1303 | D:1      | Reached skill level 1 in Long Blades
  1303 | D:1      | Reached skill level 1 in Axes
  1303 | D:1      | Reached skill level 1 in Maces & Flails
  1303 | D:1      | Reached skill level 1 in Polearms
  1303 | D:1      | Reached skill level 1 in Staves
  1303 | D:1      | Reached skill level 1 in Ranged Weapons
  1303 | D:1      | Reached skill level 1 in Throwing
  1303 | D:1      | Reached skill level 1 in Armour
  1303 | D:1      | Reached skill level 1 in Stealth
  1303 | D:1      | Reached skill level 1 in Shields
  1303 | D:1      | Reached skill level 1 in Spellcasting
  1303 | D:1      | Reached skill level 1 in Invocations
  1303 | D:1      | Reached skill level 1 in Evocations
  1303 | D:1      | Reached XP level 4. HP: 27/34 MP: 3/5
  1323 | D:1      | Reached skill level 1 in Conjurations
  1323 | D:1      | Reached skill level 1 in Hexes
  1323 | D:1      | Reached skill level 1 in Summonings
  1323 | D:1      | Reached skill level 1 in Necromancy
  1323 | D:1      | Reached skill level 1 in Translocations
  1323 | D:1      | Reached skill level 1 in Transmutations
  1323 | D:1      | Reached skill level 1 in Fire Magic
  1323 | D:1      | Reached skill level 1 in Ice Magic
  1323 | D:1      | Reached skill level 1 in Air Magic
  1323 | D:1      | Reached skill level 1 in Earth Magic
  1323 | D:1      | Reached skill level 1 in Poison Magic
  1335 | D:1      | Reached XP level 5. HP: 18/40 MP: 5/7
  1613 | D:2      | Reached XP level 6. HP: 18/47 MP: 8/8
  1826 | D:2      | Found a burning altar of Makhleb.
  2802 | D:3      | Found a runed translucent door.
  2803 | D:3      | Noticed Crazy Yiuf
  2864 | D:3      | Killed Crazy Yiuf
  2865 | D:3      | Reached skill level 5 in Dodging
  2997 | D:3      | Identified the ring of Tomorrow {Fly rElec rC- EV+5}
  3045 | D:3      | Found a burning altar of Makhleb.
  3176 | D:3      | Noticed Ijyb
  3187 | D:3      | Killed Ijyb
  3643 | D:4      | Found a sacrificial altar of Ru.
  3695 | D:4      | Found a staircase to the Ecumenical Temple.
  3714 | Temple   | Entered the Ecumenical Temple
  3774 | Temple   | Became a worshipper of Vehumet
  3836 | D:4      | Found an ancient bone altar of Kikubaaqudgha.
  3836 | D:4      | Found a glowing golden altar of the Shining One.
  3966 | D:4      | HP: 2/47 [white imp (6)]
  3968 | D:4      | Reached XP level 7. HP: 2/52 MP: 10/10
  4685 | D:5      | Entered Level 5 of the Dungeon
  4685 | D:5      | Noticed Prince Ribbit
  4698 | D:5      | Killed Prince Ribbit
  4935 | D:5      | Reached XP level 8. HP: 60/60 MP: 12/12
  5822 | D:6      | Found a broken altar of Ashenzari.
  5999 | D:6      | Reached XP level 9. HP: 37/66 MP: 14/14
  6396 | D:6      | Reached * piety under Vehumet
  6396 | D:6      | Offered knowledge of Sandblast by Vehumet.
  6430 | D:6      | Learned a level 1 spell: Sandblast
  6690 | D:6      | Found an iron altar of Okawaru.
  6725 | D:6      | Noticed Edmund
  6738 | D:6      | Killed Edmund
  6739 | D:6      | Reached skill level 5 in Fighting
  7321 | D:7      | HP: 2/66 [wight/+0 dire flail (4)]
  7327 | D:7      | Reached skill level 5 in Invocations
  7965 | D:7      | Reached XP level 10. HP: 63/74 MP: 17/17
  8077 | D:7      | Offered knowledge of Static Discharge by Vehumet.
  8105 | D:7      | Reached ** piety under Vehumet
  8171 | D:7      | Learned a level 2 spell: Static Discharge
  8290 | D:8      | Reached skill level 5 in Short Blades
  8290 | D:8      | Reached skill level 5 in Long Blades
  8290 | D:8      | Reached skill level 5 in Axes
  8290 | D:8      | Reached skill level 5 in Maces & Flails
  8290 | D:8      | Reached skill level 5 in Polearms
  8290 | D:8      | Reached skill level 5 in Staves
  8290 | D:8      | Reached skill level 5 in Ranged Weapons
  8290 | D:8      | Reached skill level 5 in Throwing
  8290 | D:8      | Reached skill level 5 in Armour
  8290 | D:8      | Reached skill level 5 in Stealth
  8290 | D:8      | Reached skill level 5 in Shields
  8290 | D:8      | Reached skill level 5 in Spellcasting
  8290 | D:8      | Reached skill level 5 in Evocations
  8498 | D:8      | Identified the +6 morningstar "Okeepn" {freeze, Contam rF++
                  | rCorr}
  8703 | D:8      | Offered knowledge of Frozen Ramparts by Vehumet.
  8940 | D:8      | Noticed a brown ugly thing
  8950 | D:8      | HP: 2/76 [purple ugly thing (14)]
  8951 | D:8      | Killed a purple ugly thing
  9178 | D:8      | Noticed a centaur warrior
  9185 | D:8      | Shot with an arrow by a centaur warrior

Illustrated notes

Levels and vault maps discovered:
D:1:      erik_arrival_cave_to_civilisation [erik_arrival_cave_to_temple],
          layout_basic, roderic_lattice_a, minmay_indecisive_spiral
D:2:      layout_basic, basic_altar
D:3:      layout_basic, amcnicky_altar_gilded, uniq_ijyb,
          uniq_crazy_yiuf_cottage
D:4:      kb_forest_paths, layout_gridville, nicolae_ru_awakened_eye,
          mainiacjoe_overflow_divided_tiny, temple_fountains
D:5:      layout_basic, uniq_prince_ribbit1
D:6:      layout_loops_cross, marbit_many_paths, lemuel_doored_altar,
          uniq_edmund
D:7:      layout_basic
D:8:      nzn_winding_woodlands_cross [nzn_winding_woodlands_5x15_lazy_stream,
          nzn_winding_woodlands_5x15_longhouse,
          nzn_winding_woodlands_5x15_default, nzn_winding_woodlands_5x15_cabin,
          nzn_winding_woodlands_15x15_boxy_spiral], layout_basic
Temple:   eino_temple_lava

Skill      XL: |  1  2  3  4  5  6  7  8  9 10 |
---------------+-------------------------------+-----
Short Blades   | 1 2 3 4 5 |  5.5
Long Blades    | 1 2 3 4 5 |  5.5
Axes           | 1 2 3 4 5 |  5.5
Maces & Flails | 1 2 3 4 5 |  5.5
Polearms       | 1 2 3 4 5 |  5.5
Staves         | 1 2 3 4 5 |  5.5
Ranged Weapons | 1 2 3 4 5 |  5.5
Throwing       | 1 2 3 4 5 |  5.5
Armour         | 1 2 3 4 5 |  5.5
Stealth        | 1 2 3 4 5 |  5.5
Shields        | 1 2 3 4 5 |  5.5
Spellcasting   | 1 2 3 4 5 |  5.5
Invocations    | 1 2 3 4 5 6 |  6.0
Evocations     | 1 2 3 4 5 |  5.5
Conjurations   | 1 2 3 4 |  4.5
Hexes          | 1 2 3 4 |  4.5
Summonings     | 1 2 3 4 |  4.5
Necromancy     | 1 2 3 4 |  4.5
Translocations | 1 2 3 4 |  4.5
Transmutations | 1 2 3 4 |  4.5
Fire Magic     | 1 2 3 4 |  4.5
Ice Magic      | 1 2 3 4 |  4.5
Air Magic      | 1 2 3 4 |  4.5
Earth Magic    | 1 2 3 4 |  4.5
Poison Magic   | 1 2 3 4 |  4.5
Fighting       | 3 4 5 6 |  6.1
Dodging        | 5 6 7 |  7.2
Unarmed Combat | 7 8 |  8.6
Shapeshifting  | 7 8 |  8.1

Action                     |  1- 3 |  4- 6 |  7- 9 | 10-12 || total
---------------------------+-------+-------+-------+-------++-------
  Melee: Unarmed           |    59 |   169 |   273 |   144 ||   645
         Bite              |    10 |    20 |    48 |    20 ||    98
   Cast: Sandblast         |       |       |    25 |    12 ||    37
         Static Discharge  |       |       |       |    13 ||    13
    Use: Scroll            |     3 |       |       |       ||     3
         Potion            |       |     2 |     1 |     3 ||     6
   Stab: Sleeping          |       |       |     2 |       ||     2
 Armour: Animal skin       |     8 |    20 |    26 |    27 ||    81
         Skin              |       |    14 |       |       ||    14
  Dodge: Dodged            |    41 |   128 |   258 |   191 ||   618
   Form: Flux              |     1 |       |       |       ||     1

Table legend: (Time is in decaauts)
 A = Elapsed time spent in this place.
 B = Non-inter-level travel time spent in this place.
 C = Inter-level travel time spent in this place.
 D = Time resting spent in this place.
 E = Time spent auto-exploring this place.
 F = Levels seen in this place.
 G = Mean time per level.
                   A        B        C        D        E       F      G
               +--------+--------+--------+--------+--------+-----+--------+
         Total |   9101 |   8657 |    444 |      0 |   7346 |   9 | 1011.2 |
       Dungeon |   9033 |   8596 |    437 |      0 |   7346 |   8 | 1129.1 |
        Temple |     68 |     61 |      7 |      0 |      0 |   1 |   68.0 |
               +--------+--------+--------+--------+--------+-----+--------+

Top non-repeatable levels by time:
     D:1: 1554 daAuts
     D:6: 1334 daAuts
     D:7: 1235 daAuts
     D:4: 1093 daAuts
     D:2: 1075 daAuts
     D:5: 995 daAuts
     D:8: 885 daAuts
     D:3: 860 daAuts
  Temple: 68 daAuts
